AoeStats
← SaulGoodman69

Arena

506999469Analyzed
4v4 RM · 14d ago on Sep 16, 2026· 52m 8s· 8 players
Game mode
Random Map
Map size
Large (8 player)
Population
200
Speed
Normal
Resources
Standard
Victory
Conquest
Starting age
Dark Age
Ending age
Imperial Age
RankedLock teamsTeams togetherTeam positionsShared explorationLock speedFull tech treeHidden civsTurbo modeCheats
Victory
Defeat
🇲🇽 Khitans · Mexico
1326
+11
🇲🇽 Mapuche · Mexico
1290
+12
🇲🇽 Cumans · Mexico
1255
+14
🇨🇱 Sicilians · Chile
1138
+19
🇦🇷 Malay · Argentina
1303
-18
🇧🇷 Huns · Brazil
1200
-14
🇵🇪 Celts · Peru
1188
-13
🇲🇽 Khmer · Mexico
1134
-11
VL Dr Cascote
10:12 Feudal Age
9:51 Horse Collar
10:04 Double-Bit Axe
16:49 Fletching
21:51 Castle Age
21:30 Crossbowman
22:07 Bodkin Arrow
23:04 Heavy Plow
23:19 Bow Saw
23:39 Loom
26:33 Ballistics
29:21 Wheelbarrow
28:31 Town Watch
29:47 Thumb Ring
41:04 Imperial Age
43:07 Hand Cart
42:53 Town Patrol
45:10 Conscription
44:13 Arbalester
45:16 Forging
45:06 Bracer
frantiescolucas
9:37 Feudal Age
9:02 Loom
14:03 Castle Age
12:38 Horse Collar
12:53 Double-Bit Axe
13:38 Horse Collar
20:57 Bow Saw
22:17 Wheelbarrow
24:00 Heavy Plow
24:42 Hand Cart
24:52 Gold Mining
29:14 Imperial Age
26:35 Town Watch
27:34 Scale Barding Armor
27:40 Forging
27:33 Marauders
28:11 Husbandry
28:21 Bloodlines
28:28 Squires
29:35 Gold Shaft Mining
29:37 Chain Barding Armor
29:52 Iron Casting
31:43 Two-Man Saw
30:36 Stone Mining
31:41 Conscription
30:58 Elite Tarkan
32:53 Plate Barding Armor
33:18 Blast Furnace
JK_TheBest
8:53 Feudal Age
10:09 Wheelbarrow
15:37 Castle Age
14:01 Stone Mining
14:14 Double-Bit Axe
15:22 Horse Collar
19:43 Forging
20:50 Scale Mail Armor
21:48 Gambesons
24:13 Heavy Plow
26:09 Iron Casting
30:25 Imperial Age
29:06 Bow Saw
31:08 Hand Cart
30:27 Pikeman
32:50 Chemistry
32:12 Halberdier
33:22 Loom
34:49 Blast Furnace
34:28 Heavy Scorpion
36:05 Chain Mail Armor
36:26 Gold Mining
36:27 Arson
37:59 Plate Mail Armor
37:36 Siege Engineers
39:58 Man-at-Arms
41:38 Furor Celtica
49:52 Conscription
AlverthXIII
11:23 Feudal Age
16:26 Castle Age
17:12 Loom
17:38 Town Watch
20:30 Castle Age
19:47 Double-Bit Axe
19:57 Stone Mining
21:11 Horse Collar
22:07 Bow Saw
29:19 Wheelbarrow
37:06 Heavy Plow
38:36 Hand Cart
38:30 Town Watch
39:07 Fletching
39:58 Tusk Swords
40:09 Scale Barding Armor
43:08 Imperial Age
41:59 Chain Barding Armor
42:36 Fortified Wall
:) Regresa rocha moya
5:53 Loom
9:28 Feudal Age
10:40 Double-Bit Axe
27:46 Castle Age
26:12 Town Watch
27:02 Wheelbarrow
28:31 Horse Collar
28:43 Gold Mining
28:43 Stone Mining
29:07 Bow Saw
29:50 Hand Cart
30:56 Town Patrol
36:45 Imperial Age
35:11 Forging
35:07 Scale Barding Armor
35:15 Bloodlines
36:31 Iron Casting
36:32 Heavy Plow
36:49 Steppe Husbandry
37:34 Chain Barding Armor
36:38 Capped Ram
38:04 Fervor
39:00 Blast Furnace
37:28 Elite Steppe Lancer
39:56 Plate Barding Armor
40:01 Gold Shaft Mining
40:15 Siege Ram
42:04 Onager
43:01 Fletching
43:35 Conscription
45:06 Cuman Mercenaries
45:41 Hoardings
44:37 Sappers
49:56 Siege Onager
50:47 Bodkin Arrow
SaulGoodman69
10:47 Feudal Age
11:28 Double-Bit Axe
11:37 Horse Collar
13:14 Wheelbarrow
18:37 Castle Age
16:23 Loom
17:20 Fletching
17:30 Padded Archer Armor
18:36 Gold Mining
18:36 Stone Mining
22:08 Crossbowman
24:14 Heavy Plow
28:32 Gold Shaft Mining
30:17 Forging
30:07 Scale Mail Armor
30:12 Scale Barding Armor
30:59 Hand Cart
33:33 Imperial Age
32:40 Bodkin Arrow
33:13 Leather Archer Armor
33:42 Pikeman
34:22 Squires
34:08 Arson
34:09 Gambesons
34:48 Conscription
34:15 Arbalester
34:53 Halberdier
35:51 Bracer
37:37 First Crusade
38:52 Chain Mail Armor
39:13 Iron Casting
41:05 Chemistry
40:25 Ballistics
40:02 Murder Holes
40:17 Masonry
39:32 Onager
45:16 Blast Furnace
44:46 Plate Mail Armor
49:59 Plate Mail Armor
:) Tu tu ruuuu
9:56 Feudal Age
14:05 Castle Age
12:00 Double-Bit Axe
12:28 Horse Collar
13:08 Gold Mining
15:57 Loom
21:57 Wheelbarrow
21:56 Bow Saw
24:59 Heavy Plow
26:28 Hand Cart
26:35 Fletching
27:45 Ballistics
31:31 Imperial Age
29:03 Stone Mining
29:21 Bodkin Arrow
29:28 Padded Archer Armor
31:11 Leather Archer Armor
31:52 Gold Shaft Mining
31:54 Stone Shaft Mining
32:33 Malon
32:40 Butalmapu
32:14 Elite Bolas Rider
34:35 Chemistry
33:17 Treadmill Crane
38:04 Murder Holes
38:20 Masonry
39:07 Ring Archer Armor
42:59 Forging
43:22 Conscription
50:13 Iron Casting
50:07 Elite Kona
52:30 Blast Furnace
:) YO30830
10:24 Feudal Age
10:52 Double-Bit Axe
12:55 Man-at-Arms
18:59 Loom
20:27 Scale Mail Armor
22:25 Forging
26:19 Castle Age
24:24 Domestication
26:40 Long Swordsman
27:07 Gambesons
29:13 Bow Saw
31:00 Pastoralism
33:13 Iron Casting
32:47 Scale Barding Armor
33:21 Gold Mining
34:54 Wheelbarrow
40:14 Chain Barding Armor
40:14 Husbandry
40:40 Husbandry
45:00 Imperial Age
45:09 Hand Cart
44:41 Town Watch
45:05 Elite Steppe Lancer
46:10 Conscription
46:49 Stone Mining
47:33 Ordo Cavalry
Connection lost

Rejoining the realm…

Still unreachable

The connection could not be restored.

Session expired

The server has moved on; the page needs a fresh start.